Map: [ESL] Site Delta

Players

Lambo

  • Race: Zerg Zerg
  • Spawn Location: 11:00

Krystianer - Winner!

  • Race: Protoss Protoss
  • Spawn Location: 5:00

VOD

Have the link to the VOD?

Description

Time

  • Played on: April 18, 2024, 10:55 a.m.
  • Length: 12:22
Show
View Real Time Build Order
Export as new Build Order

Lambo Zerg 

Build Orders: Hatch First 

Get SALT Encoding   

  12  0:00  Drone  
  13  0:12  Overlord  
  13  0:17  Drone  
  14  0:31  Drone x2  
  16  0:48  Hatchery  
  15  0:52  Drone  
  15  0:55  Drone  
  17  0:58  Drone  
  18  1:09  Extractor  
  17  1:13  Spawning Pool  
  17  1:17  Drone  
  17  1:20  Drone  
  18  1:28  Drone  
  19  1:39  Drone  
  20  1:49  Drone  
  21  2:00  Queen x2  
  25  2:01  Zergling x2  
  25  2:02  Overlord  
  26  2:09  Metabolic Boost  
  26  2:11  Drone x2  
  28  2:23  Drone x2  
  30  2:33  Hatchery  
  30  2:35  Drone  
  30  2:42  Queen  
  32  2:46  Overlord  
  32  2:48  Zergling x2  
  32  2:49  Zergling x2  
  34  2:54  Zergling x2  
  34  2:55  Drone  
  36  3:04  Queen  
  38  3:05  Overlord  
  38  3:06  Drone  
  39  3:15  Drone  
  40  3:20  Drone x2  
  40  3:22  Overlord  
  40  3:26  Drone x2  
  44  3:30  Queen  
  46  3:36  Zergling x2  
  46  3:37  Drone  
  48  3:41  Drone x3  
  48  3:43  Queen  
  48  3:45  Spore Crawler  
  48  3:47  Overlord  
  52  3:50  Drone  
  52  3:52  Drone x2  
  55  3:56  Overlord  
  55  4:00  Drone x2  
  55  4:02  Drone  
  58  4:05  Extractor  
  58  4:09  Drone  
  58  4:12  Drone x2  
  58  4:13  Spore Crawler  
  58  4:14  Drone x3  
  58  4:16  Queen  
  66  4:22  Roach Warren  
  66  4:23  Drone x2  
  67  4:29  Spore Crawler  
  67  4:38  Overlord  
  67  4:40  Overlord  
  67  4:41  Drone x3  
  67  4:43  Extractor  
  69  4:45  Overlord  
  69  4:46  Drone x2  
  69  4:47  Drone x2  
  69  4:48  Overlord x2  
  69  4:52  Zergling x2  
  74  4:59  Zergling x6  
  76  5:00  Overlord, Spore Crawler  
  76  5:02  Zergling x2  
  76  5:04  Drone x4  
  80  5:07  Drone  
  80  5:09  Lair  
  80  5:12  Extractor, Drone  
  80  5:14  Drone  
  82  5:15  Spore Crawler  
  82  5:17  Zergling x4  
  82  5:18  Zergling x2  
  82  5:25  Extractor  
  81  5:29  Roach x3  
  81  5:30  Roach, Drone x6  
  95  5:38  Drone x2  
  97  5:45  Drone x2  
  97  5:47  Drone x3  
  101  5:53  Drone  
  101  5:56  Extractor  
  101  5:57  Extractor  
  101  5:58  Overlord  
  101  5:59  Drone  
  101  6:00  Overlord  
  101  6:01  Drone x2  
  102  6:11  Roach  
  102  6:12  Hatchery, Roach x2  
  102  6:14  Glial Reconstitution  
  102  6:15  Evolution Chamber  
  105  6:22  Drone x3  
  108  6:29  Roach x7  
  118  6:37  Overlord  
  118  6:39  Overlord, Overseer  
  118  6:43  Roach x2  
  118  6:44  Zerg Missile Weapons Level 1  
  122  6:47  Hydralisk Den, Drone  
  122  6:48  Drone  
  122  6:50  Roach  
  122  6:53  Overlord  
  125  6:57  Roach x7  
  139  7:07  Extractor  
  138  7:09  Overlord  
  138  7:11  Roach x2  
  138  7:13  Overlord x2  
  142  7:19  Drone x2  
  142  7:20  Drone, Grooved Spines  
  142  7:21  Hydralisk x4  
  152  7:24  Hydralisk  
  152  7:25  Hydralisk x3  
  152  7:28  Hydralisk  
  162  7:34  Hydralisk x3  
  168  7:41  Hydralisk x3  
  174  7:44  Hydralisk  
  174  7:50  Hydralisk x2  
  180  7:52  Zergling x8  
  180  7:55  Ravager  
  180  7:58  Zergling x12  
  191  7:59  Ravager  
  192  8:06  Overlord  
  192  8:08  Overlord  
  192  8:11  Overlord  
  192  8:18  Overlord  
  192  8:19  Roach  
  192  8:26  Roach x6  
  196  8:31  Roach x2  
  196  8:37  Roach x8  
  189  8:42  Roach x5  
  189  8:47  Roach x3  
  194  8:50  Roach x2  
  194  8:54  Roach x2  
  194  8:57  Roach x2  
  194  9:02  Roach x3  
  170  9:08  Hydralisk  
  170  9:09  Hydralisk  
  161  9:13  Hydralisk  
  163  9:17  Zergling x6  
  163  9:21  Ravager  
  163  9:22  Ravager x2  
  169  9:26  Zergling x10  
  169  9:27  Ravager  
  175  9:32  Zergling x2  
  175  9:33  Zergling x6  
  175  9:38  Zergling x8  
  160  9:46  Hydralisk x2  
  153  9:57  Hydralisk x3  
  144  10:02  Roach x3  
  139  10:09  Roach x3  
  139  10:13  Roach x2  
  129  10:15  Roach  
  129  10:20  Zergling x6  
  120  10:24  Hydralisk  
  120  10:28  Pneumatized Carapace  
  115  10:32  Hydralisk x2  
  115  10:35  Roach  
  117  10:43  Roach x3  
  117  10:44  Ravager  
  117  10:46  Zergling x2, Roach  
  125  10:50  Zergling x4  
  125  10:53  Roach  
  125  10:57  Roach x2  
  133  10:58  Ravager  
  133  11:00  Zergling x4  
  133  11:02  Roach  
  138  11:04  Roach  
  138  11:09  Roach x3  
  146  11:13  Ravager  
  146  11:17  Zergling x10  
  146  11:18  Ravager  
  153  11:22  Roach x2  
  153  11:25  Roach  
  158  11:30  Roach x3  
  164  11:35  Ravager  
  165  11:44  Roach x5  
  172  11:48  Roach x2  
  172  11:51  Roach x2  
  167  11:54  Zergling x6, Roach  
  167  12:00  Roach x2  
Show
View Real Time Build Order
Export as new Build Order

Krystianer Protoss - Winner!

Build Orders: 1 Gate Expand, Oracle Opening, Archon Immortal, Archon Drop 

Get SALT Encoding   

  12  0:00  Probe  
  13  0:12  Probe  
  14  0:18  Pylon  
  14  0:24  Probe (Chrono Boost)  
  15  0:38  Gateway, Probe (Chrono Boost)  
  16  0:45  Probe (Chrono Boost)  
  16  0:47  Assimilator  
  17  0:52  Probe  
  18  1:04  Probe  
  19  1:16  Probe  
  20  1:24  Nexus  
  20  1:34  Cybernetics Core  
  20  1:37  Probe  
  21  1:42  Assimilator  
  21  1:49  Probe  
  21  1:53  Pylon  
  23  2:01  Probe  
  23  2:08  Adept (Chrono Boost)  
  23  2:13  Probe  
  26  2:18  Stargate  
  26  2:25  Warp Gate  
  26  2:26  Probe (Chrono Boost)  
  26  2:28  Adept (Chrono Boost)  
  27  2:36  Probe (Chrono Boost)  
  30  2:43  Probe (Chrono Boost)  
  32  2:45  Probe (Chrono Boost)  
  32  2:50  Probe x2 (Chrono Boost)  
  33  2:53  Adept  
  36  3:00  Oracle (Chrono Boost)  
  36  3:02  Probe  
  36  3:04  Probe  
  41  3:08  Pylon  
  41  3:14  Probe  
  41  3:16  Probe  
  43  3:26  Gateway, Probe  
  44  3:28  Probe  
  45  3:34  Assimilator  
  45  3:36  Assimilator  
  45  3:40  Probe x2 (Chrono Boost)  
  47  3:43  Robotics Facility  
  47  3:48  Twilight Council  
  47  3:52  Probe (Chrono Boost)  
  47  3:55  Pylon, Probe (Chrono Boost)  
  49  3:58  Probe (Chrono Boost)  
  49  4:02  Probe  
  51  4:08  Probe  
  52  4:12  Gateway  
  52  4:13  Gateway  
  52  4:14  Probe  
  53  4:20  Probe  
  54  4:25  Templar Archives  
  54  4:29  Warp Prism (Chrono Boost)  
  54  4:36  Stalker  
  58  4:44  Pylon  
  58  4:47  Nexus  
  58  4:50  Probe  
  58  4:51  Probe  
  60  4:57  Pylon  
  60  5:01  Forge  
  60  5:02  Probe  
  60  5:03  Probe  
  62  5:11  High Templar x4  
  70  5:14  Archon  
  70  5:15  Archon, Probe  
  70  5:16  Probe  
  70  5:19  Immortal (Chrono Boost)  
  70  5:27  Probe  
  70  5:28  Probe  
  74  5:32  Protoss Ground Weapons Level 1  
  74  5:35  Pylon  
  74  5:39  Probe  
  74  5:40  Probe  
  76  5:51  Probe  
  76  5:52  Probe  
  76  5:53  Immortal (Chrono Boost)  
  82  6:01  Sentry x2  
  82  6:02  Assimilator, Probe  
  82  6:03  Probe  
  88  6:04  Probe  
  88  6:07  Assimilator  
  89  6:15  Probe  
  89  6:16  Probe  
  89  6:18  Robotics Facility  
  92  6:21  Probe  
  92  6:22  Gateway, Immortal (Chrono Boost)  
  92  6:24  Gateway, Shield Battery  
  96  6:27  Probe  
  96  6:28  Probe  
  98  6:33  Charge (Chrono Boost)  
  98  6:36  Gateway  
  98  6:38  Gateway  
  100  6:40  Probe  
  100  6:44  Probe  
  100  6:46  Photon Cannon  
  100  6:50  Pylon  
  100  6:56  Pylon  
  100  6:57  Pylon  
  100  6:59  Pylon  
  100  7:03  Pylon  
  100  7:04  Psionic Storm  
  100  7:05  Immortal x2 (Chrono Boost)  
  108  7:16  Pylon  
  108  7:18  Zealot x3, Sentry  
  113  7:28  Zealot  
  115  7:32  Pylon  
  115  7:34  Probe  
  116  7:38  Immortal, Observer  
  116  7:41  High Templar x3  
  127  7:44  Photon Cannon  
  127  7:47  Photon Cannon, Protoss Ground Weapons Level 2 (Chrono Boost)  
  127  7:48  Pylon  
  127  7:53  Zealot x3  
  133  7:59  Immortal  
  137  8:17  Immortal (Chrono Boost)  
  135  8:27  Zealot x2  
  135  8:28  Zealot x6  
  139  8:37  Immortal (Chrono Boost)  
  125  8:49  Zealot x8  
  125  8:50  Archon  
  125  8:54  Immortal (Chrono Boost)  
  119  9:14  High Templar x4  
  119  9:15  Zealot x4  
  131  9:19  Archon  
  135  9:38  Zealot x3, Sentry  
  141  9:46  Zealot x3  
  141  9:48  Immortal  
  141  9:51  Immortal  
  133  9:55  Zealot  
  133  9:59  Zealot  
  133  10:05  Pylon  
  125  10:09  Zealot  
  125  10:10  Zealot x2  
  115  10:20  Pylon  
  99  10:24  Immortal (Chrono Boost), Probe  
  99  10:27  Immortal (Chrono Boost)  
  101  10:28  High Templar  
  101  10:29  High Templar x3  
  101  10:35  High Templar x2  
  117  10:36  Probe  
  117  10:37  Probe  
  119  10:50  Zealot  
  119  10:51  Zealot  
  127  11:03  High Templar x2, Warp Prism (Chrono Boost)  
  127  11:04  Zealot x2  
  134  11:07  Observer (Chrono Boost)  
  134  11:09  Zealot x2  
  136  11:11  Pylon  
  136  11:13  Zealot x2  
  136  11:17  Immortal (Chrono Boost)  
  144  11:19  Probe  
  145  11:26  Immortal  
  145  11:27  High Templar  
  145  11:28  High Templar  
  145  11:32  Archon  
  151  11:38  Zealot x6  
  157  12:01  Zealot x6  
Tags
 
Add a new tag
Caveats
  • Supply blocks, unpowered buildings, or Contaminate may cause inaccurate times.
  • Supply counts are checked every 10 seconds.